 Dungeon Crawl Stone Soup version 0.32-a0-391-gce5c0aab1b (webtiles) character file.

Game seed: 3871455424929875064

103 bearlyready the Chopper (level 4, -6/33 HPs)
             Began as a Coglin Gladiator on Feb 20, 2024.
             Was a Follower of Okawaru.
             Mangled by an iguana (8 damage)
             ... on level 3 of the Dungeon.
             The game lasted 00:02:42 (1324 turns).

bearlyready the Chopper (Coglin Gladiator)          Turns: 1324, Time: 00:02:43

Health: -6/33      AC:  9    Str: 29    XL:     4   Next: 79%
Magic:  4/4        EV: 10    Int:  7    God:    Okawaru [*.....]
Gold:   66         SH:  0    Dex: 15    Spells: 3/3 levels left

rFire   . . .        a - +0 war axe {Cuetlachtli}
rCold   . . .        (no shield)
rNeg    . . .        g - +0 chain mail
rPois   .            c - +0 helmet
rElec   .            (no cloak)
rCorr   .            (no gloves)
SInv    .            (no boots)
Will    .....        (no amulet) Stlth
                     k - +6 ring of strength
HPRegen 0.25/turn    f - +6 ring of strength
MPRegen 0.09/turn

%: no passive effects
@: revved, stiff-legged, very slow
A: off-hand wielding, slow wielding, warmup strikes, warmup strides, MP-powered
wands
a: Renounce Religion, Heroism


You were on level 3 of the Dungeon.
You worshipped Okawaru.
Okawaru was aware of your devotion.
You visited 1 branch of the dungeon, and saw 3 of its levels.

You collected 66 gold pieces.

Inventory:

Hand Weapons
 a - a +0 war axe (weapon) {Cuetlachtli}
Missiles
 d - 3 throwing nets (quivered)
 e - a javelin
 i - 4 poisoned darts
Armour
 b - a +0 leather armour
 c - a +0 helmet (worn)
 g - a +0 chain mail (worn)
Jewellery
 f - a +6 ring of strength (right grasper)
 k - a +6 ring of strength (left grasper)
Scrolls
 h - a scroll of identify {unknown}
 l - 2 scrolls of teleportation {unknown}
 m - a scroll of fear {unknown}
 n - a scroll of blinking {unknown}
 q - a scroll of butterflies {unknown}
Potions
 o - a potion of degeneration {unknown}
 p - a potion of lignification {unknown}


   Skills:
 - Level 2.0 Fighting
 + Level 5.3 Axes
 - Level 1.7 Throwing
 - Level 2.6 Dodging


You had 3 spell levels left.
You didn't know any spells.
Your spell library was empty.

Dungeon Overview and Level Annotations

Branches:
Dungeon (3/15)

Altars:
Okawaru

Annotations:
D:2 1 runed translucent door, Crazy Yiuf


Innate Abilities, Weirdness & Mutations

You can wield a second weapon in your off-hand.
It takes a long time for you to wield or remove held weapons.
Your first few attacks do less damage.
Your first movements take longer.
You expend magic power (3 MP) to strengthen your wands.


Message History

No target in view!
A bat comes into view.
The bat hits you but does no damage. x2
A bat is nearby!
A bat is nearby!
You slash the bat!
You kill the bat!
Okawaru accepts your kill.
You see here a +0 hammer.
Crazy Yiuf shouts!
Could not explore, unopened runed door.
There is an escape hatch in the floor here.
You slide downwards.
The hatch slams shut behind you.
The adder hisses angrily. x2; You hear a shout!
Found 17 gold pieces.
You see here 9 gold pieces.
There are monsters nearby!
A kobold and an orc come into view.
Found a glowing ring mail and 10 gold pieces.
The kobold shouts!
You slash the iguana!
The iguana is heavily wounded.
The iguana bites you!
It was a potion of mutation.
You feel extremely strange.
You feel your magical essence link to the dungeon's wands.
The iguana barely misses you. The adder bites you but does no damage.
You hit the iguana.
The iguana is heavily wounded.
You closely miss the adder. The adder bites you. The iguana closely misses you.
You closely miss the iguana.
The iguana is heavily wounded.
You hit the adder but do no damage. The adder closely misses you.
The iguana bites you! The adder bites you but does no damage.
You barely miss the adder. You hit the iguana. The iguana bites you!
* * * LOW HITPOINT WARNING * * *
The adder bites you.
* * * LOW HITPOINT WARNING * * *
You barely miss the adder. You hit the iguana but do no damage.
The adder barely misses you. The iguana bites you!
You die...

####.#####
[.....l@$#
$#.#.#S#$#
....oK.##
##.#.##
.....
##.#.# #
.. ..#


You could see an iguana, an adder, an orc and a kobold.

Vanquished Creatures
  3 adders (D:2)
  A dart slug (D:2)
  A ribbon worm (D:2)
  2 ball pythons (D:2)
  6 bats
  4 endoplasms
  A giant cockroach (D:1)
  4 hobgoblins
  3 jackals (D:1)
  A quokka (D:1)
  3 frilled lizards (D:1)
  4 goblins (D:1)
  5 kobolds
  4 rats
42 creatures vanquished.

Notes
Turn   | Place    | Note
-------+----------+-------------------------------------------
     0 | D:1      | bearlyready the Coglin Gladiator began the quest for the
                  | Orb.
     0 | D:1      | Reached XP level 1. HP: 16/16 MP: 1/1
    40 | D:1      | Reached XP level 2. HP: 19/22 MP: 2/2
    99 | D:1      | Reached skill level 4 in Axes
   104 | D:1      | Reached XP level 3. HP: 27/27 MP: 3/3
   348 | D:1      | Found a faded altar of an unknown god.
   561 | D:1      | Prayed at the altar of an unknown god.
   561 | D:1      | Became a worshipper of Warmaster Okawaru
   561 | D:1      | Reached * piety under Okawaru
   724 | D:2      | Reached XP level 4. HP: 33/33 MP: 4/4
   846 | D:2      | Reached skill level 5 in Axes
   860 | D:2      | Found a runed translucent door.
   861 | D:2      | Noticed Crazy Yiuf
  1320 | D:3      | Gained mutation: You expend magic power (3 MP) to
                  | strengthen your wands. [potion of mutation]
  1324 | D:3      | Mangled by an iguana

Illustrated notes

Levels and vault maps discovered:
D:1:      ldierk_walled_garden_2, layout_rooms,
          shapermc_ecumenical_altar_mp_vishouse
D:2:      layout_loops_ring, kennysheep_generic_room_2, uniq_crazy_yiuf_cottage
D:3:      minmay_spotlight, layout_loops_ring, mainiacjoe_overflow_big_doors,
          serial_shops, shop

Skill      XL: |  1  2  3  4 |
---------------+-------------+-----
Axes           | 4 5 |  5.3
Fighting       | |  2.0
Throwing       | |  1.7
Dodging        | |  2.6

Action                     |  1- 3 |  4- 6 || total
---------------------------+-------+-------++-------
  Melee: War axe           |    59 |    36 ||    95
    Use: Potion            |       |     1 ||     1
 Armour: Leather armour    |    31 |       ||    31
         Chain mail        |    10 |    35 ||    45
  Dodge: Dodged            |    41 |    22 ||    63

Table legend: (Time is in decaauts)
 A = Elapsed time spent in this place.
 B = Non-inter-level travel time spent in this place.
 C = Inter-level travel time spent in this place.
 D = Time resting spent in this place.
 E = Time spent auto-exploring this place.
 F = Levels seen in this place.
 G = Mean time per level.
                   A        B        C        D        E       F      G
               +--------+--------+--------+--------+--------+-----+--------+
         Total |   1405 |   1319 |     86 |      0 |   1017 |   3 |  468.3 |
       Dungeon |   1405 |   1319 |     86 |      0 |   1017 |   3 |  468.3 |
               +--------+--------+--------+--------+--------+-----+--------+

Top non-repeatable levels by time:
     D:2: 768 daAuts
     D:1: 629 daAuts
     D:3: 7 daAuts
